 Dungeon Crawl Stone Soup version 0.29-a0-892-g2c4c91d9db (webtiles) character file.

Game seed: 10640559789827030461

629 ZappyNine the Covered (level 7, -7/57 HPs)
             Began as a Barachi Fighter on July 22, 2022.
             Was an Initiate of Hepliaklqana.
             Mangled by a gnoll
             ... wielding a +0 halberd
              (8 damage)
             ... on level 4 of the Dungeon.
             The game lasted 00:05:46 (5548 turns).

ZappyNine the Covered (Barachi Fighter)             Turns: 5548, Time: 00:05:46

Health: -7/57      AC:  4    Str: 17    XL:     7   Next: 48%
Magic:  0/7        EV: 13    Int:  9    God:    Hepliaklqana [......]
Gold:   210        SH:  5    Dex: 13    Spells: 6/6 levels left

rFire   . . .      SeeInvis .   a - +0 long sword
rCold   . . .      Faith    .   c - +0 buckler
rNeg    . . .      Spirit   +   b - +0 scale mail
rPois   .          Reflect  .   (no helmet)
rElec   .          Harm     .   (no cloak)
rCorr   .          Rampage  .   (no gloves)
Will    .....                   (no boots)
Stlth   ..........              l - amulet of guardian spirit
HPRegen 0.19/turn               t - +4 ring of evasion
MPRegen 0.10/turn               (no ring)

@: slow
A: amphibious, slowness 1, strong legs 1, +LOS, deformed body
a: Hop, Renounce Religion


You were on level 4 of the Dungeon.
You worshipped Hepliaklqana.
Hepliaklqana was noncommittal.
You visited 1 branch of the dungeon, and saw 4 of its levels.

You collected 210 gold pieces.

Inventory:

Hand Weapons
 a - a +0 long sword (weapon)
Armour
 b - a +0 scale mail (worn)
 c - a +0 buckler (worn)
Jewellery
 l - an amulet of guardian spirit (around neck)
 t - a +4 ring of evasion (left hand)
Wands
 n - a wand of flame (12)
Scrolls
 f - a scroll of vulnerability {unknown}
 g - 8 scrolls of identify {unknown}
 h - a scroll of butterflies {unknown}
 i - a scroll of enchant armour {unknown}
 j - 5 scrolls of enchant weapon {unknown}
 m - a scroll of silence {unknown}
 o - 2 scrolls of teleportation {unknown}
Potions
 d - a potion of heal wounds {unknown}
 e - a potion of brilliance
 k - 2 potions of cancellation {unknown}
 p - a potion of degeneration {unknown}
 q - a potion of resistance {unknown}
 r - a potion of curing {unknown}
 s - a potion of might


   Skills:
 + Level 5.9 Fighting
 + Level 5.2 Long Blades
 + Level 5.9 Armour
 + Level 5.4 Shields


You had 6 spell levels left.
You didn't know any spells.
Your spell library contained the following spells:

 Spells                   Type           Power      Damage    Failure   Level
 Ensorcelled Hibernation  Hex/Ice        0%         N/A       94%         2
 Passwall                 Tmut/Erth      0%         N/A       94%         2
 Swiftness                Air            0%         N/A       99%         3
 Corpse Rot               Necr/Pois/Air  0%         N/A       100%        4
 Dispel Undead            Necr           0%         3d6       100%        4
 Death Channel            Necr           0%         N/A       100%        6


Dungeon Overview and Level Annotations

Branches:
Dungeon (4/15)
 Temple: D:4-7

Altars:
Hepliaklqana

Annotations:
D:4 4 runed translucent doors


Innate Abilities, Weirdness & Mutations

You are amphibious.
You cover ground slowly.
You can hop short distances.
You have an extended range of vision and can be seen from far away.
Armour fits poorly on your strangely shaped body.


Message History

The gnoll hits you from afar with a +0 halberd.
The gnoll hits you but does no damage.
You are too injured to fight recklessly!
You are too injured to fight recklessly!
You are too injured to fight recklessly!
You are too injured to fight recklessly!
You are too injured to fight recklessly!
You are too injured to fight recklessly!
You are too injured to fight recklessly!
You are too injured to fight recklessly!
You are too injured to fight recklessly!
You are too injured to fight recklessly!
You are too injured to fight recklessly!
You are too injured to fight recklessly!
You are too injured to fight recklessly!
You are too injured to fight recklessly!
You are too injured to fight recklessly!
You are too injured to fight recklessly!
You are too injured to fight recklessly!
You are too injured to fight recklessly!
You barely miss the gnoll.
The gnoll is almost dead.
The gnoll hits you with a +0 club. You block the gnoll's attack.
The gnoll hits you from afar with a +0 halberd!
* * * LOW HITPOINT WARNING * * *
You hit the gnoll.
You kill the gnoll!
The gnoll hits you from afar with a +0 halberd!
* * * LOW HITPOINT WARNING * * *
The gnoll closely misses you. The gnoll hits you with a +0 halberd.
* * * LOW HITPOINT WARNING * * *
The gnoll barely misses you. You block the gnoll's attack.
The gnoll barely misses you.
Things that are here:
a +0 club; a +0 whip; a gnoll corpse You hit the gnoll but do no damage.
The gnoll is severely wounded.
The gnoll closely misses you. The gnoll hits you with a +0 halberd!
You die...

#..######..........##..## #.#
...####....#######....#######^##
...##...#### #.............##
...##...# #.#########.....
...##...# #####.# #####.
...##...# #.....# #. ...##...#
#.##### #. ...##>..# #.#### ##
...##...# #..@g# # #####...#
####g...# #...# ###..# ##### ##


You could see 2 gnolls.

Vanquished Creatures
  A black bear (D:4)
  A sky beast (D:4)
  A phantom (D:4)
  A scorpion (D:4)
  An iguana (D:4)
  3 orc wizards
  3 gnolls (D:4)
  6 adders
  An ufetubus (D:4)
  2 worms (D:4)
  4 dart slugs
  7 orcs
  11 endoplasms
  3 giant cockroaches
  5 goblins
  12 hobgoblins
  11 jackals
  4 quokkas
  8 ball pythons
  8 bats
  4 frilled lizards
  6 kobolds
  5 rats
108 creatures vanquished.

Notes
Turn   | Place    | Note
-------+----------+-------------------------------------------
     0 | D:1      | ZappyNine the Barachi Fighter began the quest for the Orb.
     0 | D:1      | Reached XP level 1. HP: 18/18 MP: 1/1
     0 | D:1      | Noticed a minotaur skeleton
     3 | D:1      | Noticed a minotaur skeleton
     8 | D:1      | Noticed a minotaur skeleton
   305 | D:1      | Reached XP level 2. HP: 25/25 MP: 2/2
   612 | D:1      | Reached XP level 3. HP: 16/30 MP: 3/3
  1508 | D:2      | Reached XP level 4. HP: 19/37 MP: 4/4
  2407 | D:2      | Found a faded altar of an unknown god.
  2526 | D:3      | Reached XP level 5. HP: 42/43 MP: 5/5
  3019 | D:3      | Found a hazy altar of Hepliaklqana.
  3173 | D:3      | Became a worshipper of Hepliaklqana the Forgotten
  3466 | D:4      | Noticed a black bear
  3469 | D:4      | Gained mutation: Armour fits poorly on your strangely
                  | shaped body. [potion of mutation]
  3479 | D:4      | Killed a black bear
  3480 | D:4      | Reached skill level 5 in Fighting
  3480 | D:4      | Reached skill level 5 in Armour
  3480 | D:4      | Reached XP level 6. HP: 20/51 MP: 2/6
  3685 | D:4      | Noticed a sky beast
  3701 | D:4      | Killed a sky beast
  4047 | D:4      | Reached skill level 5 in Shields
  4047 | D:4      | Reached XP level 7. HP: 12/56 MP: 5/7
  4373 | D:4      | Found a large runed translucent door.
  4373 | D:4      | Found a large runed translucent door.
  4375 | D:4      | Found a large runed translucent door.
  4375 | D:4      | Found a large runed translucent door.
  4375 | D:4      | Noticed a two-headed ogre
  4974 | D:4      | Reached skill level 5 in Long Blades
  5161 | D:4      | Identified the +2 robe "Laky" {rF+}
  5546 | D:4      | HP: 2/57 [gnoll/+0 halberd (7)]
  5548 | D:4      | Mangled by a gnoll

Illustrated notes

Levels and vault maps discovered:
D:1:      shiori_arrival_whats_in_store_for_you, layout_loops_ring,
          serial_park_tiny_2, hangedman_abyss_or_decor_lesser_grid
D:2:      layout_basic, hellmonk_ecumenical_altar_blasted
D:3:      layout_loops_ring, mainiacjoe_overflow_24_doors
D:4:      layout_rooms, minmay_statues_item, minmay_hollow_rounded_squares

Skill      XL: |  1  2  3  4  5  6  7 |
---------------+----------------------+-----
Armour         | 4 5 |  5.9
Fighting       | 4 5 |  5.9
Long Blades    | 3 4 5 |  5.2
Shields        | 4 5 |  5.4

Action                   |  1- 3 |  4- 6 |  7- 9 || total
-------------------------+-------+-------+-------++-------
Melee: Long sword        |   145 |   212 |    92 ||   449
  Use: Potion            |     1 |     2 |       ||     3
Armor: Scale mail        |    89 |   107 |    21 ||   217
Dodge: Dodged            |    93 |    86 |    51 ||   230
Block: Buckler           |    48 |    48 |    26 ||   122

Table legend: (Time is in decaauts)
 A = Elapsed time spent in this place.
 B = Non-inter-level travel time spent in this place.
 C = Inter-level travel time spent in this place.
 D = Time resting spent in this place.
 E = Time spent auto-exploring this place.
 F = Levels seen in this place.
 G = Mean time per level.
                   A        B        C        D        E       F      G
               +--------+--------+--------+--------+--------+-----+--------+
         Total |   6040 |   5954 |     86 |   1515 |   3458 |   4 | 1510.0 |
       Dungeon |   6040 |   5954 |     86 |   1515 |   3458 |   4 | 1510.0 |
               +--------+--------+--------+--------+--------+-----+--------+

Top non-repeatable levels by time:
     D:4: 2285 daAuts
     D:1: 1485 daAuts
     D:2: 1202 daAuts
     D:3: 1067 daAuts
